 Dungeon Crawl Stone Soup version 0.26-a0-837-g5a8a614f01 (webtiles) character file.

Game seed: 4122122724938374723

1335 Morbidden the Chucker (level 8, -3/60 HPs)
             Began as a Demonspawn Brigand on Nov 18, 2020.
             Was an Initiate of Gozag.
             Slain by a gnoll
             ... wielding a +0 spear
              (8 damage)
             ... on level 7 of the Dungeon.
             The game lasted 00:15:58 (9089 turns).

Morbidden the Chucker (Demonspawn Brigand)          Turns: 9089, Time: 00:15:59

Health: -3/60      AC:  6    Str: 14    XL:     8   Next: 35%
Magic:  9/9        EV:  6    Int: 17    God:    Gozag
Gold:   348        SH:  0    Dex: 14    Spells: 8/8 levels left

rFire    . . .     SeeInvis .   a - +1 falchion (elec)
rCold    . . .     Faith    .   (no shield)
rNeg     . . .     Spirit   .   x - +0 ring mail
rPois    .         Reflect  .   (no helmet)
rElec    .         Harm     .   c - +0 cloak
rCorr    +         Rampage  .   (no gloves)
MR       .....                  (no boots)
Stlth    ++........             f - amulet of magic regeneration
HPRegen  0.20/turn              v - ring of resist corrosion
MPRegen  0.36/turn              (no ring)

@: mighty, gold aura, held
A: hooves 1, powered by pain 2, big brain 2
a: Potion Petition, Call Merchant, Bribe Branch, Renounce Religion


You were on level 7 of the Dungeon.
You worshipped Gozag.
Gozag was aware of your devotion.
You visited 1 branch of the dungeon, and saw 7 of its levels.

You collected 465 gold pieces.
You paid 117 gold pieces to Gozag.

Inventory:

Hand Weapons
 a - a +1 falchion of electrocution (weapon)
 G - a +0 long sword
 I - a +2 dagger
Missiles
 d - 9 poisoned darts (quivered)
 e - 7 curare-tipped darts
 C - 7 boomerangs
 J - 8 javelins
Armour
 c - a +0 cloak (worn)
 x - a +0 ring mail (worn)
Jewellery
 f - an amulet of magic regeneration (around neck)
 o - an uncursed ring of wizardry
 v - a ring of resist corrosion (left hand)
Wands
 h - a wand of flame (16)
 q - a wand of polymorph (6)
 y - a wand of random effects (11)
Scrolls
 g - 4 scrolls of identify
 i - a scroll of fog {unknown}
 j - a scroll of enchant armour {unknown}
 l - a scroll of enchant weapon {unknown}
 p - 8 scrolls of remove curse {unknown}
 u - 6 scrolls of teleportation {unknown}
 w - a scroll of amnesia {unknown}
 z - a scroll of noise {unknown}
 A - a scroll of immolation {unknown}
 B - a scroll of blinking {unknown}
 F - a scroll of fear {unknown}
 H - a scroll of magic mapping {unknown}
 L - a scroll of brand weapon {unknown}
Potions
 b - a potion of haste
 k - 4 potions of brilliance
 m - a potion of resistance {unknown}
 n - 3 potions of flight
 r - a potion of mutation
 s - 2 potions of lignification
 t - a potion of cancellation
 D - a potion of berserk rage {unknown}
 K - a potion of curing


   Skills:
 * Level 4.2 Fighting
 + Level 3.0(3.1) Short Blades
 + Level 1.4(2.4) Long Blades
 + Level 5.8 Throwing
 + Level 2.9 Armour
 * Level 3.5 Dodging
 + Level 4.7 Stealth
 * Level 0.7 Spellcasting
 + Level 1.0 Evocations


You had 8 spell levels left.
You didn't know any spells.
Your spell library was empty.

Dungeon Overview and Level Annotations

Branches:
Dungeon (7/15)
 Temple: D:4-7

Altars:
Ashenzari
Dithmenos
Fedhas
Gozag
Kikubaaqudgha
Sif Muna
Yredelemnul

Shops:
D:6 =

Annotations:
D:6 3 runed translucent doors, Kinoniko's ghost, novice KoGl


Innate Abilities, Weirdness & Mutations

You have large cloven feet.
You sometimes gain power by taking damage.
You have an extremely huge brain. (Int +4)


Message History

The gnoll hits you from afar with a +0 halberd!
An orc comes into view. It is wielding a -1 flail.
The gnoll completely misses you.
The gnoll hits you from afar with a +1 vorpal halberd.
* * * LOW HITPOINT WARNING * * *
x2 Unknown command.
Unknown command.
The gnoll hits you from afar with a +0 halberd.
* * * LOW HITPOINT WARNING * * *
The gnoll hits you from afar with a +0 spear.
* * * LOW HITPOINT WARNING * * *
Unknown command.
Unknown command.
The gnoll hits you from afar with a +1 vorpal halberd.
* * * LOW HITPOINT WARNING * * *
x2 An orc wizard comes into view. It is wielding a +0 dagger.
The gnoll hits you but does no damage.
The gnoll hits you from afar with a +0 spear!
You die...
Your body crumbles into a pile of gold.

#..........
##.........
...##
#.........
....### .
##........
......#..
###......
#........
#....
#......<.
#..#
#........
..#
#........
#@$......
#.$.g.....
##.gg....o
#........
......o..
...?...?.
.........
..#.......


You could see an orc wizard, 3 gnolls and an orc (wandering).

Vanquished Creatures
  Menkaure (D:5)
  Edmund (D:4)
  A sky beast (D:5)
  3 ogres
  2 bullfrogs (D:6)
  A jelly (D:6)
  A hound (D:4)
  A centaur skeleton (D:6)
  Ijyb (D:5)
  Natasha (thrice) (D:3)
  4 worker ants
  2 orc wizards (D:3)
  A hound zombie (D:6)
  7 adders
  4 gnolls
  A worker ant zombie (D:6)
  2 shadow imps
  2 white imps
  An ooze (D:1)
  An adder skeleton (D:5)
  A worm (D:3)
  2 dart slugs (D:1)
  4 leopard geckos
  17 orcs
  5 giant cockroaches
  9 goblins
  8 hobgoblins
  2 jackals (D:2)
  9 kobolds
  2 quokkas
  A ball python (D:1)
  10 bats
  9 frilled lizards
  14 rats
133 creatures vanquished.

Notes
Turn   | Place    | Note
-------+----------+-------------------------------------------
     0 | D:1      | Morbidden the Demonspawn Brigand began the quest for the
                  | Orb.
     0 | D:1      | Reached XP level 1. HP: 16/16 MP: 1/1
   112 | D:1      | Gained mutation: You have an unusually large brain. (Int
                  | +2) [demonic ancestry]
   112 | D:1      | Reached XP level 2. HP: 21/22 MP: 2/2
   123 | D:1      | Reached skill level 1 in Dodging
   620 | D:1      | Reached XP level 3. HP: 19/27 MP: 3/3
   824 | D:1      | Reached skill level 2 in Throwing
  1679 | D:2      | Reached XP level 4. HP: 13/34 MP: 4/4
  3146 | D:1      | Reached skill level 3 in Throwing
  3441 | D:3      | Noticed Natasha
  3454 | D:3      | Killed Natasha
  3455 | D:3      | Gained mutation: You have an extremely huge brain. (Int +4)
                  | [demonic ancestry]
  3455 | D:3      | Reached XP level 5. HP: 15/39 MP: 5/5
  3833 | D:3      | Noticed Natasha
  3874 | D:3      | Killed Natasha
  3920 | D:3      | Noticed Natasha
  4147 | D:3      | Killed Natasha
  4608 | D:3      | Found a shadowy altar of Dithmenos.
  5409 | D:3      | Gained mutation: You sometimes gain a little power by
                  | taking damage. [demonic ancestry]
  5409 | D:3      | Reached XP level 6. HP: 36/46 MP: 6/6
  5982 | D:4      | Reached skill level 4 in Throwing
  6359 | D:4      | Noticed Edmund
  6368 | D:4      | Reached skill level 1 in Armour
  6368 | D:4      | Gained mutation: You have large cloven feet. [demonic
                  | ancestry]
  6368 | D:4      | Reached XP level 7. HP: 52/52 MP: 7/7
  6404 | D:4      | Killed Edmund
  6859 | D:5      | Entered Level 5 of the Dungeon
  6888 | D:5      | Noticed Ijyb
  6892 | D:5      | Noticed Menkaure
  7228 | D:5      | Found a broken altar of Ashenzari.
  7341 | D:5      | Found a blossoming altar of Fedhas.
  7489 | D:5      | Killed Menkaure
  7490 | D:5      | Reached skill level 5 in Throwing
  7502 | D:5      | Killed Ijyb
  7686 | D:5      | Found a basalt altar of Yredelemnul.
  7927 | D:5      | Found an ancient bone altar of Kikubaaqudgha.
  8154 | D:6      | Noticed Kinoniko's ghost (novice KoGl)
  8163 | D:6      | Found an opulent altar of Gozag.
  8173 | D:6      | Reached skill level 1 in Long Blades
  8173 | D:6      | Gained mutation: You sometimes gain power by taking damage.
                  | [demonic ancestry]
  8173 | D:6      | Reached XP level 8. HP: 59/60 MP: 8/8
  8193 | D:6      | Became a worshipper of Gozag Ym Sagoz the Greedy
  8272 | D:6      | Found a runed translucent gate.
  8272 | D:6      | Found a runed translucent gate.
  8272 | D:6      | Found a runed translucent gate.
  8372 | D:6      | Found Unohil's Jewellery Emporium.
  8525 | D:6      | Found a shimmering blue altar of Sif Muna.
  8816 | D:6      | Reached skill level 1 in Evocations
  9089 | D:7      | Slain by a gnoll

Illustrated notes

Levels and vault maps discovered:
D:1:      saegor_arrival_miasma, layout_loops_ring
D:2:      layout_basic, chequers_mini_garden
D:3:      layout_basic, nicolae_dithmenos_shadow_blocks, uniq_natasha
D:4:      layout_gridville, uniq_edmund
D:5:      layout_layer_cave, fedhas_altar_2, cheibrodos_ashenzari_chains,
          lemuel_doored_altar, basic_altar, bh_walls_and_bars, uniq_menkaure,
          uniq_ijyb
D:6:      layout_loops_ring, lemuel_crystal_altar, nicolae_gozag_seed_capital,
          serial_shops, shop, gammafunk_ghost_icy
D:7:      layout_cave_pools, minmay_temple_entry_mist, minivault_22

Skill      XL: |  1  2  3  4  5  6  7  8 |
---------------+-------------------------+-----
Stealth        | 4 |  4.7
Dodging        | 1 2 3 |  3.5
Short Blades   | 2 3 |  3.0
Throwing       | 2 3 4 5 |  5.8
Fighting       | 3 4 |  4.2
Armour         | 1 2 |  2.9
Long Blades    | 1 |  1.4
Evocations     | 1 |  1.0
Spellcasting   | |  0.7

Action                   |  1- 3 |  4- 6 |  7- 9 || total
-------------------------+-------+-------+-------++-------
Melee: Dagger            |    74 |   158 |       ||   232
       Falchion          |       |    16 |    43 ||    59
       Kick              |       |       |     9 ||     9
Throw: Dart              |    56 |   142 |    34 ||   232
       Boomerang         |       |       |    10 ||    10
Evoke: Wand              |       |       |     8 ||     8
  Use: Scroll            |     1 |     1 |     6 ||     8
       Potion            |       |     2 |     3 ||     5
 Stab: Sleeping          |    10 |     6 |       ||    16
Armor: Robe              |    16 |    12 |       ||    28
       Ring mail         |       |    30 |    19 ||    49
Dodge: Dodged            |    52 |    94 |    33 ||   179
       Rpst.: Falchion   |       |       |     9 ||     9

Table legend: (Time is in decaauts)
 A = Elapsed time spent in this place.
 B = Non-inter-level travel time spent in this place.
 C = Inter-level travel time spent in this place.
 D = Time resting spent in this place.
 E = Time spent auto-exploring this place.
 F = Levels seen in this place.
 G = Mean time per level.
                   A        B        C        D        E       F      G
               +--------+--------+--------+--------+--------+-----+--------+
         Total |   9056 |   8765 |    291 |   2746 |   4525 |   7 | 1293.7 |
       Dungeon |   9056 |   8765 |    291 |   2746 |   4525 |   7 | 1293.7 |
               +--------+--------+--------+--------+--------+-----+--------+

Top non-repeatable levels by time:
     D:2: 2545 daAuts
     D:3: 1875 daAuts
     D:5: 1238 daAuts
     D:4: 1215 daAuts
     D:1: 1180 daAuts
     D:6: 956 daAuts
     D:7: 44 daAuts
